 Seeded DCSS version 0.27.0-1-g7a08968 (webtiles) character file.

Game seed: 8174669377439341297 (custom seed)

13917 catcat the Brawler (level 11, 0/109 HPs)
             Began as a Troll Monk on May 20, 2022.
             Was a High Priest of Wu Jian.
             Slain by a four-headed hydra (4 damage)
             ... on level 12 of the Dungeon.
             The game lasted 00:22:49 (10044 turns).

catcat the Brawler (Troll Monk)                    Turns: 10044, Time: 00:22:51

Health: 0/109      AC:  7    Str: 24    XL:     11   Next: 81%
Magic:  10/10      EV: 10    Int:  6    God:    Wu Jian [*****.]
Gold:   806        SH: 10    Dex: 12    Spells: 10/10 levels left

rFire    . . .     SeeInvis .   B - +0 whip (elec)
rCold    . . .     Faith    .   z - +0 kite shield
rNeg     . . .     Spirit   .   a - +0 robe
rPois    .         Reflect  .   (helmet restricted)
rElec    .         Harm     .   E - +2 cloak {Stlth+}
rCorr    .         Rampage  .   (gloves unavailable)
Will     +....                  (boots unavailable)
Stlth    +++.......             c - amulet of regeneration
HPRegen  2.28/turn              F - ring of willpower
MPRegen  0.12/turn              (no ring)

@: no status effects
A: large, unfitting armour, claws 3, regeneration 1, shaggy fur 1, tough skin 1
a: Renounce Religion, Wall Jump, Serpent's Lash, Heavenly Storm


You were on level 12 of the Dungeon.
You worshipped Wu Jian.
Wu Jian was extremely pleased with you.
You visited 1 branch of the dungeon, and saw 12 of its levels.
You also visited: Ossuary.

You collected 851 gold pieces.
You spent 45 gold pieces at shops.

Inventory:

Hand Weapons
 n - a +4 dagger
 u - a +2 vorpal dire flail
 x - a +0 morningstar of protection
 B - a +0 whip of electrocution (weapon)
 M - a +2 spear of venom
Missiles
 g - 18 boomerangs
 R - 4 large rocks (quivered)
Armour
 a - a +0 robe (worn)
 z - a +0 kite shield (worn)
 E - a +2 cloak of stealth (worn)
Jewellery
 c - an amulet of regeneration (around neck)
 F - a ring of willpower (left claw)
 I - an amulet of guardian spirit
Wands
 o - a wand of paralysis (15)
 w - a wand of iceblast (14)
 y - a wand of charming (7)
 D - a wand of flame (10)
Scrolls
 f - a scroll of torment
 i - 3 scrolls of magic mapping
 r - a scroll of immolation
 s - 2 scrolls of enchant weapon {unknown}
 v - 2 scrolls of vulnerability
 A - a scroll of silence {unknown}
 G - 2 scrolls of fear {unknown}
 H - 2 scrolls of noise {unknown}
 K - a scroll of holy word {unknown}
 L - a scroll of enchant armour {unknown}
 O - a scroll of brand weapon {unknown}
 Q - a scroll of teleportation {unknown}
Potions
 b - 3 potions of flight
 d - a potion of lignification
 e - 4 potions of brilliance
 h - 2 potions of might
 j - 6 potions of curing
 k - 2 potions of magic
 l - a potion of haste
 m - 2 potions of heal wounds
 p - a potion of invisibility
 q - a potion of attraction
 t - a potion of mutation
 C - a potion of ambrosia
 J - a potion of resistance {unknown}
 N - a potion of cancellation {unknown}
 P - 2 potions of degeneration {unknown}


   Skills:
 * Level 7.1 Fighting
 - Level 4.0 Throwing
 - Level 4.0 Dodging
 - Level 1.0 Stealth
 - Level 6.1 Shields
 + Level 16.6 Unarmed Combat


You had 10 spell levels left.
You didn't know any spells.
Your spell library contained the following spells:

 Spells                   Type           Power      Damage    Failure   Level
 Corpse Rot               Necr/Air       N/A        N/A       80%         2
 Poisonous Vapours        Pois/Air       0%         N/A       80%         2
 Conjure Flame            Conj/Fire      0%         6-21      95%         3
 Dazzling Flash           Conj/Hex       0%         N/A       95%         3
 Ignite Poison            Fire/Tmut/Pois 0%         N/A       95%         3
 Iskenderun's Mystic Bla  Conj/Tloc      0%         2d3       100%        4
 Sticky Flame             Conj/Fire      0%         2d3       100%        4
 Freezing Cloud           Conj/Ice/Air   0%         6-21      100%        5
 Starburst                Conj/Fire      0%         8x6d3     100%        6


Dungeon Overview and Level Annotations

Branches:
Dungeon (12/15)            Temple (0/1) D:4            Lair (0/6) D:11
    Orc (0/2) D:12        Ossuary (visited)

Altars:
Elyvilon
Fedhas
Gozag
Hepliaklqana
Kikubaaqudgha
Nemelex Xobeh
Ru
Trog
Vehumet
Wu Jian
The Shining One

Shops:
D:2 [   D:4 *   D:7 (   D:9 =   D:12 [

Portals:
Trove: D:12 (give 13 potions of heal wounds)

Annotations:
D:8 exclusion: oklob plant
D:11 exclusion: 3 oklob plants


Innate Abilities, Weirdness & Mutations

You are too large for most types of armour.
You have claws for hands.
Your natural rate of healing is unusually fast.
You are covered in fur. (AC +1)
You have tough skin. (AC +1)


Message History

The four-headed hydra bites you.
You hit the four-headed hydra.
The four-headed hydra is moderately wounded.
The four-headed hydra bites you but does no damage.
The four-headed hydra bites you.
The four-headed hydra barely misses you.
You block the four-headed hydra's attack.
Unknown command.
You hit the four-headed hydra.
The four-headed hydra is heavily wounded.
The four-headed hydra misses you.
You block the four-headed hydra's attack.
The four-headed hydra bites you but does no damage.
The four-headed hydra bites you!
Unknown command.
You completely miss the four-headed hydra.
The four-headed hydra is heavily wounded.
The four-headed hydra barely misses you.
The four-headed hydra bites you! The four-headed hydra bites you. x2
Unknown command.
You hit the four-headed hydra.
The four-headed hydra is heavily wounded.
The four-headed hydra bites you.
The four-headed hydra closely misses you.
You block the four-headed hydra's attack.
The four-headed hydra bites you.
Unknown command.
You hit the four-headed hydra but do no damage.
The four-headed hydra is moderately wounded.
The four-headed hydra bites you but does no damage. x2
The four-headed hydra bites you! x2
* * * LOW HITPOINT WARNING * * *
The four-headed hydra bites you!
* * * LOW HITPOINT WARNING * * *
The four-headed hydra bites you.
* * * LOW HITPOINT WARNING * * *
The four-headed hydra bites you!
* * * LOW HITPOINT WARNING * * *
The four-headed hydra bites you.
You die...

#.....(.. #.......# #.....(.#
#.......# #.#+###.......#
#.............##
#.......D.......
#########.......@############
.................#..........#
.................#..........#
.................'..........#
.................#..........# #
..∩........#####.#....).....#.#
......###.. #.############.#
..>.....# . +..............#
........# #..............#


You could see a four-headed hydra.

Vanquished Creatures
  A boulder beetle (D:11)
  Erolcha (D:9)
  2 two-headed ogres
  Pikel (D:7)
  3 deep elf pyromancers
  A cyclops (D:12)
  An unseen horror (D:8)
  A kobold demonologist (D:11)
  A tengu conjurer (D:10)
  Sigmund (D:5)
  A wyvern (D:9)
  14 yaks
  7 vampire mosquitoes
  A steam dragon (D:8)
  Menkaure (D:6)
  Edmund (D:5)
  4 water moccasins
  Duvessa (D:4)
  5 orc warriors
  An ice beast (D:5)
  A black bear (D:7)
  2 ogres (D:6)
  A sky beast (D:6)
  4 centaurs
  2 lemures (D:7)
  A phantom (D:4)
  An elf zombie (Ossuary)
  Blork the orc (D:5)
  2 gnoll sergeants
  2 bullfrogs
  4 scorpions
  Dowan (D:4)
  2 water moccasin skeletons
  14 wights
  4 howler monkeys
  A gnoll shaman (D:8)
  2 centaur zombies
  A human zombie (Ossuary)
  6 orc priests
  Crazy Yiuf (D:7)
  4 hounds
  2 jellies
  A centaur skeleton (D:6)
  2 iguanas
  7 orc wizards
  A statue (D:8)
  A hound zombie (D:5)
  A hound skeleton (D:4)
  4 mummies (Ossuary)
  A howler monkey zombie (D:7)
  19 gnolls
  7 adders
  A shadow imp (D:6)
  2 adder skeletons
  A worm (D:2)
  3 dart slugs
  30 orcs
  6 endoplasms
  5 giant cockroaches
  5 hobgoblins
  11 jackals
  3 quokkas
  2 ball pythons
  5 bats
  5 frilled lizards
  6 goblins
  2 hobgoblin zombies (Ossuary)
  A jackal zombie (Ossuary)
  8 kobolds
  5 kobold zombies (Ossuary)
  An orc zombie (Ossuary)
  9 rats
  A rat zombie (Ossuary)
264 creatures vanquished.

Vanquished Creatures (others)
  A plant (D:11)
1 creature vanquished.

Grand Total: 265 creatures vanquished

Notes
Turn   | Place    | Note
-------+----------+-------------------------------------------
     0 | D:1      | catcat the Troll Monk began the quest for the Orb.
     0 | D:1      | Reached XP level 1. HP: 22/22 MP: 0/0
   107 | D:1      | Reached XP level 2. HP: 29/29 MP: 1/1
   159 | D:1      | Found a faded altar of an unknown god.
   351 | D:1      | Reached skill level 4 in Unarmed Combat
   846 | D:2      | Reached XP level 3. HP: 36/36 MP: 2/2
  1056 | D:2      | Reached skill level 5 in Unarmed Combat
  1056 | D:2      | Reached XP level 4. HP: 44/44 MP: 3/3
  1140 | D:2      | Found an ornate altar of the Wu Jian Council.
  1160 | D:2      | Became a worshipper of the Wu Jian Council
  1160 | D:2      | Reached * piety under Wu Jian
  1160 | D:2      | Reached ** piety under Wu Jian
  1346 | D:2      | Found Seappeop's Armour Shoppe.
  1704 | D:3      | Noticed a scorpion
  1715 | D:3      | Killed a scorpion
  1716 | D:3      | Reached skill level 6 in Unarmed Combat
  1716 | D:3      | Reached XP level 5. HP: 29/50 MP: 4/4
  2375 | D:3      | Identified 2 scrolls of acquirement
  2375 | D:3      | Acquired a manual of Unarmed Combat
  2376 | D:3      | Acquired an amulet of regeneration
  2403 | D:4      | Found a staircase to the Ecumenical Temple.
  2418 | D:4      | Noticed a phantom
  2433 | D:4      | Killed a phantom
  2434 | D:4      | Reached skill level 7 in Unarmed Combat
  2434 | D:4      | Reached XP level 6. HP: 51/61 MP: 5/5
  2513 | D:4      | Found a sand-covered staircase.
  2522 | Ossuary  | Entered an ossuary
  2528 | Ossuary  | Reached *** piety under Wu Jian
  2561 | Ossuary  | Reached skill level 8 in Unarmed Combat
  2582 | Ossuary  | Reached XP level 7. HP: 67/67 MP: 6/6
  2879 | D:4      | Reached skill level 9 in Unarmed Combat
  3048 | D:4      | Found a glowing golden altar of the Shining One.
  3163 | D:4      | Found an opulent altar of Gozag.
  3165 | D:4      | Found Gozag's Platinum Reserve.
  3393 | D:4      | Noticed Dowan
  3398 | D:4      | Noticed Duvessa
  3412 | D:4      | Killed Duvessa
  3413 | D:4      | Reached skill level 10 in Unarmed Combat
  3415 | D:4      | Killed Dowan
  3595 | D:5      | Entered Level 5 of the Dungeon
  3643 | D:5      | Noticed Sigmund
  3652 | D:5      | Killed Sigmund
  3653 | D:5      | Reached skill level 11 in Unarmed Combat
  3653 | D:5      | Reached XP level 8. HP: 68/75 MP: 7/7
  3727 | D:5      | Found a bloodstained altar of Trog.
  3758 | D:5      | Noticed Blork the orc
  3765 | D:5      | Killed Blork the orc
  3794 | D:5      | Noticed Edmund
  3799 | D:5      | Killed Edmund
  3832 | D:5      | Reached skill level 12 in Unarmed Combat
  4156 | D:5      | Found a white marble altar of Elyvilon.
  4349 | D:6      | Noticed Menkaure
  4351 | D:6      | Killed Menkaure
  4412 | D:6      | Reached skill level 1 in Throwing
  4412 | D:6      | Reached skill level 13 in Unarmed Combat
  4547 | D:6      | Found an ancient bone altar of Kikubaaqudgha.
  4749 | D:6      | Reached **** piety under Wu Jian
  4750 | D:6      | Reached XP level 9. HP: 55/84 MP: 8/8
  5074 | D:2      | Bought a +0 kite shield for 45 gold pieces
  5187 | D:7      | Reached skill level 14 in Unarmed Combat
  5334 | D:7      | Reached skill level 1 in Shields
  5432 | D:7      | Found Ycanet's Weapon Shop.
  5463 | D:7      | Noticed Pikel
  5476 | D:7      | Killed Pikel
  5635 | D:7      | Found a sacrificial altar of Ru.
  5996 | D:7      | Reached skill level 15 in Unarmed Combat
  6145 | D:7      | Found a runed translucent door.
  6146 | D:7      | Noticed Crazy Yiuf
  6171 | D:7      | Killed Crazy Yiuf
  6590 | D:8      | Reached XP level 10. HP: 76/94 MP: 9/9
  6626 | D:8      | Reached skill level 5 in Fighting
  6803 | D:8      | Found a blossoming altar of Fedhas.
  6823 | D:8      | Noticed an oklob plant
  6913 | D:8      | Noticed a deep elf pyromancer
  6920 | D:8      | Killed a deep elf pyromancer
  6921 | D:8      | Reached skill level 5 in Shields
  7033 | D:8      | Found a radiant altar of Vehumet.
  7047 | D:8      | Reached ***** piety under Wu Jian
  7233 | D:8      | Found a hazy altar of Hepliaklqana.
  7233 | D:8      | Noticed a five-headed hydra
  7629 | D:9      | Noticed Erolcha
  7642 | D:9      | Killed Erolcha
  7979 | D:9      | Found Lucuenn's Jewellery Shop.
  8205 | D:10     | Entered Level 10 of the Dungeon
  8225 | D:10     | Noticed a deep elf pyromancer
  8231 | D:10     | Killed a deep elf pyromancer
  8232 | D:10     | Reached XP level 11. HP: 106/106 MP: 10/10
  8354 | D:10     | Found an ornate altar of the Wu Jian Council.
  8435 | D:10     | Found a sparkling altar of Nemelex Xobeh.
  9087 | D:11     | Noticed an oklob plant
  9088 | D:11     | Found a staircase to the Lair.
  9140 | D:11     | Noticed a boulder beetle
  9159 | D:11     | Killed a boulder beetle
  9160 | D:11     | Reached skill level 16 in Unarmed Combat
  9229 | D:11     | Noticed an oklob plant
  9298 | D:11     | Noticed an oklob plant
  9435 | D:11     | Noticed a two-headed ogre
  9444 | D:11     | Killed a two-headed ogre
  9694 | D:12     | Found a staircase to the Orcish Mines.
  9700 | D:12     | Found Bisy's Armour Shop.
  9837 | D:12     | Noticed a deep elf pyromancer
  9847 | D:12     | Killed a deep elf pyromancer
  9933 | D:12     | Found a portal to a secret trove of treasure.
  9948 | D:12     | Noticed a two-headed ogre
  9958 | D:12     | Killed a two-headed ogre
 10030 | D:12     | Noticed a four-headed hydra
 10044 | D:12     | HP: 4/109 [four-headed hydra (10)]
 10044 | D:12     | Slain by a four-headed hydra

Illustrated notes

Levels and vault maps discovered:
D:1:      erik_arrival_cave_to_civilisation [erik_arrival_cave_to_hall],
          layout_basic, ebering_ecumenical_altar_webs
D:2:      layout_loops_corners, serial_shops, shop_statue, basic_altar
D:3:      layout_basic
D:4:      layout_loops_ring, nicolae_tso_swordbearing_angel,
          nicolae_gozag_zags_fifth_avenue, minmay_temple_entry_mini_moons,
          lightli_ossuary_entry_decrepit_ruins, dk_noncrumbling_3, minivault_24,
          minivault_11, uniq_duvessa
D:5:      layout_loops_ring, elyvilon_altar_3, trog_three_pillars_becter,
          uniq_edmund, uniq_sigmund, uniq_blork_the_orc
D:6:      minmay_general_purpose_star, layout_basic,
          mainiacjoe_overflow_alcove_2, uniq_menkaure
D:7:      statuecave_lemuel, layout_layer_cave, nicolae_ru_the_path_less_chosen,
          serial_shops, shop, uniq_pikel, uniq_crazy_yiuf_cottage
D:8:      minmay_recursive_quarters, layout_basic,
          mainiacjoe_overflow_tiny_flanked, vehumet_statue, tgw_fedhas,
          serial_curves, eino_curves_04, eino_curves_03, minmay_misc_feat_tower,
          st_stairs_10
D:9:      layout_loops_cross, serial_shops, nicolae_shop_window_shopping,
          serial_aquarium, aquarium_bridge_square [aquarium_subvault_balcony,
          aquarium_subvault_balcony, aquarium_subvault_bridge,
          aquarium_subvault_window], aquarium_bridge_long_separate
          [aquarium_subvault_bridge, aquarium_subvault_wall,
          aquarium_subvault_wall, aquarium_subvault_wall,
          aquarium_subvault_bridge, aquarium_subvault_bridge],
          aquarium_window_fake, aquarium_window_2, aquarium_window_3,
          aquarium_window_fake, aquarium_view_2b, aquarium_view_2d, uniq_erolcha
D:10:     layout_small_grid, pdpol_wu_jian_five_deadly_venoms,
          mainiacjoe_overflow_six_doors_small, minivault_20, feat_on_display
D:11:     layout_stronghold, dpeg_oklobed_lair
D:12:     layout_irregular_city, orc_david_3, enter_trove_2

Skill      XL: |  1  2  3  4  5  6  7  8  9 10 11 |
---------------+----------------------------------+-----
Unarmed Combat | 4 5 6 7 8 11 13 15 16 | 16.6
Fighting       | 3 4 6 7 |  7.1
Dodging        | 3 4 |  4.0
Throwing       | 2 3 4 |  4.0
Shields        | 3 5 6 |  6.1
Stealth        | |  1.0

Action                   |  1- 3 |  4- 6 |  7- 9 | 10-12 || total
-------------------------+-------+-------+-------+-------++-------
Melee: Unarmed           |   124 |   178 |   249 |   276 ||   827
       Punch             |     1 |     5 |     2 |       ||     8
       Dagger            |       |       |       |     4 ||     4
       Whip              |       |       |       |    10 ||    10
Throw: Boomerang         |       |       |       |     2 ||     2
       Large rock        |       |       |       |     2 ||     2
Invok: Lunge             |       |    18 |    25 |    29 ||    72
       Whirlwind         |       |    25 |     2 |    21 ||    48
       Serpent's Lash    |       |       |       |     1 ||     1
  Use: Scroll            |       |     4 |    13 |     2 ||    19
 Stab: Sleeping          |     1 |     6 |     5 |     4 ||    16
Armor: Robe              |    37 |    45 |    35 |    73 ||   190
Dodge: Dodged            |    66 |    73 |    83 |    70 ||   292
Block: Kite shield       |       |       |    41 |   135 ||   176
